 Dungeon Crawl Stone Soup version 0.31-a0-339-gda1cbd555d (webtiles) character file.

Game seed: 18349878098380766613

114716 MrRokkomies the Bludgeoner (level 17, -6/154 (156) HPs)
             Began as a Meteoran Cinder Acolyte on May 24, 2023.
             Was an Elder of Jiyva.
             Mangled by a guardian serpent (12 damage)
             ... on level 4 of the Snake Pit on July 20, 2023.
             The game lasted 01:34:30 (13025 turns).

MrRokkomies the Bludgeoner (MeCA)                  Turns: 13025, Time: 01:34:31

HP:   -6/154 (156)  AC: 29    Str: 27    XL:     17   Next: 80%
MP:   29/29         EV: 10    Int: 18    God:    Jiyva [****..]
Gold: 981           SH:  5    Dex: 11    Spells: 18/18 levels left

rFire   . . .        b - +1 great mace (flame)
rCold   + . .        (shield currently unavailable)
rNeg    . . .        s - +7 chain mail of Duse {rElec Will+ MP+9}
rPois   +            D - +0 helmet
rElec   +            H - +4 cloak of Sif Muna's Inspiration {Harm rC+ Str+3 Int+3}
rCorr   +            (no gloves)
SInv    .            x - +2 pair of boots {Fly}
Will    +++..        O - amulet of reflection
Stlth   +            h - ring of poison resistance
HPRegen 1.73/turn    L - +4 ring of slaying
MPRegen 0.61/turn

%: harm (+30% outgoing, +20% incoming), reflection, resist mutation
@: mighty, flying, hasted, glowing, constricted, lightly drained, very quick
A: sense surroundings 3, otherworldly, glowing, explore regen, iridescent scales
1, mutation resistance 3, shaggy fur 1, pseudopods 2
a: Renounce Religion, Oozemancy, Slimify


You were on level 4 of the Snake Pit.
You worshipped Jiyva.
Jiyva was greatly pleased with you.
You visited 4 branches of the dungeon, and saw 26 of its levels.
You visited 1 bazaar.
You also visited: Ossuary, Bailey and Ice Cave.

You collected 2189 gold pieces.
You spent 1208 gold pieces at shops.

Inventory:

Hand Weapons
 a - a +2 longbow of flaming
 b - a +1 great mace of flaming (weapon)
Missiles
 v - 26 boomerangs (quivered)
 G - 5 curare-tipped darts
Armour
 s - the +7 chain mail of Duse (worn) {rElec Will+ MP+9}
   (You found it on level 5 of the Dungeon)

   rElec:     It insulates you from electricity.
   MP:        It affects your magic capacity (+9).
   Will:      It increases your willpower.
 x - a +2 pair of boots of flying (worn)
 D - a +0 helmet (worn)
 H - the +4 cloak of Sif Muna's Inspiration (worn) {Harm rC+ Str+3 Int+3}
   (You bought it in a shop on level 12 of the Dungeon)

   Str:       It affects your strength (+3).
   Int:       It affects your intelligence (+3).
   rC:        It protects you from cold.
   Harm:      It increases damage dealt and taken.
Jewellery
 h - a ring of poison resistance (left hand)
 k - a ring of protection from fire
 o - a ring of protection from fire
 p - a ring of resist corrosion
 L - a +4 ring of slaying (right hand)
 O - an amulet of reflection (around neck)
Talismans
 E - a maw talisman
Wands
 q - a wand of acid (2)
 u - a wand of flame (20)
 C - a wand of mindburst (7)
 F - a wand of iceblast (2)
 I - a wand of digging (12)
 N - a wand of paralysis (14)
Scrolls
 j - a scroll of teleportation
 l - a scroll of immolation
 m - 8 scrolls of identify
 n - 2 scrolls of amnesia
 y - 2 scrolls of vulnerability
 P - a scroll of revelation
 Q - a scroll of blinking
Potions
 c - 2 potions of brilliance
 d - 4 potions of attraction
 e - 5 potions of mutation {unknown}
 f - 4 potions of lignification
 g - a potion of might
 i - a potion of resistance {unknown}
 r - 7 potions of enlightenment
 t - a potion of degeneration {unknown}
 z - 2 potions of ambrosia
 A - a potion of haste
 B - a potion of cancellation
 M - a potion of curing
Miscellaneous
 w - a lightning rod (4/4)


   Skills:
 - Level 15.0 Fighting
 - Level 20.0 Maces & Flails
 * Level 8.3 Ranged Weapons
 + Level 13.6 Armour
 + Level 12.7 Dodging
 * Level 8.0 Stealth
 - Level 1.3 Spellcasting
 - Level 3.6 Fire Magic
 - Level 11.1 Evocations


You had 18 spell levels left.
You didn't know any spells.
Your spell library contained the following spells:

 Spells                   Type           Power      Damage    Failure   Level
 Scorch                   Fire           28%        2d6       22%         2
 Foxfire                  Conj/Fire      28%        2x1d5     30%         1
 Sting                    Tmut/Pois      4%         1d3       52%         1
 Volatile Blastmotes      Fire/Tloc      14%        2d11      65%         3
 Blink                    Tloc           2%         N/A       67%         2
 Lesser Beckoning         Tloc           2%         N/A       67%         2
 Momentum Strike          Conj/Tloc      2%         3d8       67%         2
 Poisonous Vapours        Pois/Air       2%         N/A       67%         2
 Sublimation of Blood     Necr           1%         N/A       67%         2
 Call Canine Familiar     Summ           1%         N/A       88%         3
 Ozocubu's Armour         Ice            1%         N/A       88%         3
 Portal Projectile        Hex/Tloc       2%         N/A       88%         3
 Tukima's Dance           Hex            1%         N/A       88%         3
 Fulminant Prism          Conj/Hex       0%         3d5       99%         4
 Iskenderun's Mystic Bla  Conj/Tloc      1%         2d3       99%         4
 Leda's Liquefaction      Hex/Erth       0%         N/A       99%         4
 Olgreb's Toxic Radiance  Pois           1%         N/A       99%         4
 Passage of Golubria      Tloc           1%         N/A       99%         4
 Petrify                  Tmut/Erth      1%         N/A       99%         4
 Irradiate                Conj/Tmut      0%         3d11      100%        5
 Metabolic Englaciation   Hex/Ice        0%         N/A       100%        5
 Yara's Violent Unravell  Hex/Tmut       0%         3d3       100%        5
 Conjure Ball Lightning   Conj/Air       0%         3x3d6     100%        6
 Plasma Beam              Fire/Air       3%         2x1d13    100%        6
 Simulacrum               Ice/Necr       0%         N/A       100%        6
 Starburst                Conj/Fire      3%         6d3       100%        6
 Discord                  Hex            0%         N/A       100%        8
 Disjunction              Tloc           0%         N/A       100%        8


Dungeon Overview and Level Annotations

Branches:
Dungeon (15/15) Zot: 1925  Temple (0/1) D:6            Lair (5/5) D:8 Zot: 236
  Snake (4/4) Lair:3 Zot: 1298   Slime (0/5) Lair:5          Orc (2/2) D:12 Zot: 420
    Elf (0/3) Orc:2        Vaults (0/5) D:13         Depths (0/4) D:15
Ossuary (visited)          Bailey (visited)           IceCv (visited)
  Swamp: Lair:2-3    Shoals: Lair:2-3

Altars:
Dithmenos
Elyvilon
Fedhas
Kikubaaqudgha
Nemelex Xobeh
Okawaru
Qazlal
Sif Muna
Trog
Xom
Yredelemnul
Jiyva

Shops:
D:4 *   D:12 ([   D:14 (   Orc:1 ?=   Orc:2 ?[[(

Annotations:
Lair:2 exclusion: orange crystal statue


Innate Abilities, Weirdness & Mutations

You passively map a large area around you.
You are easily found by Zot.
You glow in the dark.
You regain HP and MP as you explore.
You are partially covered in iridescent scales. (AC +2)
You are almost entirely resistant to further mutation and mutation removal.
You are covered in fur. (AC +1)
Armour fits poorly on your large pseudopods.


Message History

You feel sick.
The guardian serpent hits you but does no damage.
The naga spits poison at you.
The splash of poison hits you but does no damage.
You resist.
Your life force feels restored.
Unknown command.
You closely miss the guardian serpent. The guardian serpent hits you!
* * * LOW HITPOINT WARNING * * *
You block the guardian serpent's attack.
You closely miss the guardian serpent.
You bludgeon the guardian serpent, but do no damage.
You feel sick. You block the naga's attack. The naga constricts you.
The naga spits poison at you.
The splash of poison hits you but does no damage.
You are more poisoned.
You resist.
The naga warrior hits you with a +2 flail of protection!!
* * * LOW HITPOINT WARNING * * *
The guardian serpent closely misses you.
The naga hits you but does no damage.
Unknown command.
You feel better.
You block the guardian serpent's attack.
The guardian serpent hits you but does no damage.
The naga warrior roars a battlecry!
The nagas go into a battle-frenzy!
The naga closely misses you.
The naga hits you with a +1 war axe of draining.
* * * LOW HITPOINT WARNING * * *
You feel drained.
* * * LOW HITPOINT WARNING * * *
The naga constricts you.
* * * LOW HITPOINT WARNING * * *
You feel better.
The guardian serpent hits you but does no damage.
The naga hits you with a +0 dire flail.
* * * LOW HITPOINT WARNING * * *
The guardian serpent hits you!
You die...

, .. .###...###..,,
, , * ,
...##.........##. ,
,, * ,,
.##...........[.##,
, , ,, ,
#.......).........
,,
......†..†........ *
,, ,, ,
........<.....)...
,,,, ,,
*.......))<........
*, ,
,*.........NSN......
* , , ,
,,#........S@N......
,
,#.........N)......
, , ,
.#........./.....# ,
, * **
..##$..........##. *
** ## ####.....####*
, ###+### * , * , ,
** , , , , ,


You could see a naga warrior, 2 guardian serpents and 3 nagas.

Vanquished Creatures
  Vashnia (Snake:2)
  Kirke (Lair:4)
  Roxanne (Snake:2)
  A nagaraja (Snake:3)
  Nessos (D:13)
  Snorg (D:13)
  A fire dragon (D:14)
  An ogre mage (D:10)
  6 hydras
  3 catoblepae
  5 centaur warriors
  A boulder beetle (Lair:5)
  5 anacondas
  A death knight (D:15)
  4 two-headed ogres
  2 tengu warriors
  5 naga warriors
  6 death yaks
  Urug (D:13)
  5 orc high priests (Orc:2)
  10 naga sharpshooters
  4 shock serpents
  A naga ritualist (Snake:3)
  11 orc knights
  A wizard (D:14)
  8 ugly things
  9 mana vipers
  A manticore (D:14)
  3 salamanders
  A deep elf pyromancer (D:15)
  4 cyclopes
  16 elephants
  An orc sorcerer (Orc:1)
  27 black mambas
  7 guardian serpents
  2 gargoyles (D:10)
  8 naga magi
  Psyche (D:12)
  An unseen horror (D:8)
  7 cane toads
  An unseen horror zombie (D:8)
  A kobold demonologist (D:13)
  A rime drake (Lair:2)
  8 komodo dragons
  4 tengu conjurers
  4 trolls
  2 polar bears
  3 hornets (Lair:5)
  A hornet (shapeshifter) (D:14)
  17 blink frogs
  11 dream sheep
  Sigmund (D:5)
  2 wraiths (Ossuary)
  A vampire (D:13)
  40 yaks
  6 wyverns
  3 steam dragons
  13 fire elementals
  14 humans (D:13)
  A dire elephant simulacrum (IceCv)
  3 basilisks
  A death yak simulacrum (Lair:4)
  3 hogs (Lair:4)
  6 vampire mosquitoes (D:14)
  4 wargs
  A harpy simulacrum (IceCv)
  14 nagas
  2 acid dragons
  16 water moccasins
  36 orc warriors
  2 black bears (D:8)
  2 ice beasts
  A sky beast (D:6)
  2 hornet zombies (D:8)
  4 ogres
  4 wolves (Lair:4)
  4 centaurs
  2 kobold brigands (D:10)
  2 phantoms
  10 bullfrogs
  A gnoll sergeant (D:10)
  3 scorpions
  2 two-headed ogre simulacra (IceCv)
  2 wyvern zombies (D:8)
  4 cane toad simulacra
  13 wights
  10 killer bees
  An elephant simulacrum (Lair:4)
  5 howler monkeys
  An electric eel (Lair:2)
  3 centaur zombies
  5 hounds
  2 jellies
  A gnoll bouda (D:7)
  30 orc priests
  4 iguanas
  2 sleepcaps
  21 orc wizards
  2 spriggan simulacra (IceCv)
  A polar bear simulacrum (IceCv)
  2 wolf simulacra (IceCv)
  A killer bee zombie (D:8)
  3 howler monkey zombies (D:8)
  7 gnolls
  7 adders
  A naga simulacrum (IceCv)
  A shadow imp (D:8)
  A white imp (D:6)
  2 ufetubi
  2 adder zombies (Ossuary)
  A worm (D:4)
  3 dart slugs
  76 orcs
  9 bats
  9 endoplasms
  6 giant cockroaches
  11 goblins
  5 hobgoblins
  6 jackals
  29 kobolds
  5 ball pythons
  A ball python skeleton (Ossuary)
  4 frilled lizards
  A hobgoblin skeleton (Ossuary)
  2 hobgoblin zombies (Ossuary)
  A kobold zombie (Ossuary)
  An orc skeleton (Ossuary)
  An orc zombie (Ossuary)
  5 rats
744 creatures vanquished.

Vanquished Creatures (collateral kills)
  10 foxfires
10 creatures vanquished.

Vanquished Creatures (others)
  A wizard (D:10)
  A manticore (D:12)
  13 slime creatures
  2 humans (D:13)
  A naga (Snake:3)
  An orc warrior (D:12)
  A howler monkey (D:10)
  An orc priest (D:9)
  28 jellies
  2 gnolls (D:7)
  2 orcs (D:9)
  2 kobolds (D:10)
  49 foxfires
104 creatures vanquished.

Grand Total: 858 creatures vanquished

Notes
Turn   | Place    | Note
-------+----------+-------------------------------------------
     0 | D:1      | MrRokkomies the Meteoran Cinder Acolyte began the quest for
                  | the Orb.
     0 | D:1      | Reached XP level 1. HP: 19/19 MP: 3/3
    61 | D:1      | Reached XP level 2. HP: 22/26 MP: 5/5
    96 | D:1      | Reached XP level 3. HP: 27/33 MP: 6/6
   265 | D:2      | Reached skill level 5 in Maces & Flails
   350 | D:2      | Reached XP level 4. HP: 28/40 MP: 7/7
   668 | D:3      | Reached XP level 5. HP: 37/47 MP: 8/8
   741 | D:3      | Reached skill level 5 in Fighting
   741 | D:3      | Reached skill level 6 in Maces & Flails
   817 | D:3      | Reached XP level 6. HP: 25/56 MP: 9/9
  1224 | D:4      | Noticed a centaur
  1241 | D:4      | Killed a centaur
  1338 | D:4      | Found Plog's Assorted Antiques.
  1425 | D:4      | Reached skill level 7 in Maces & Flails
  1478 | D:4      | Reached XP level 7. HP: 56/62 MP: 10/10
  1580 | D:4      | Bought a granite ring for 160 gold pieces
  1795 | D:5      | Entered Level 5 of the Dungeon
  1835 | D:5      | Reached skill level 8 in Maces & Flails
  1839 | D:5      | Reached XP level 8. HP: 42/71 MP: 11/11
  1843 | D:5      | Found a sparkling altar of Nemelex Xobeh.
  1863 | D:5      | Found a shimmering blue altar of Sif Muna.
  1916 | D:5      | Noticed a two-headed ogre
  1926 | D:5      | Killed a two-headed ogre
  1927 | D:5      | Reached skill level 10 in Maces & Flails
  1927 | D:5      | Gained mutation: You passively map the area around you.
                  | [Meteoran growth]
  1927 | D:5      | Reached XP level 9. HP: 82/82 MP: 12/12
  1970 | D:5      | Found a blossoming altar of Fedhas.
  2255 | D:5      | Found a shimmering altar of Xom.
  2264 | D:5      | Identified the +7 chain mail of Duse {rElec Will+ MP+9}
  2289 | D:5      | Noticed Sigmund
  2310 | D:5      | Killed Sigmund
  2311 | D:5      | Reached skill level 1 in Armour
  2417 | D:6      | Reached skill level 11 in Maces & Flails
  2834 | D:6      | Found a staircase to the Ecumenical Temple.
  2850 | D:6      | Reached XP level 10. HP: 84/91 MP: 13/13
  2980 | D:7      | Reached skill level 12 in Maces & Flails
  2980 | D:7      | Reached skill level 5 in Armour
  3016 | D:7      | Found a stormy altar of Qazlal.
  3042 | D:7      | Found a flagged portal.
  3071 | Bailey   | Entered a bailey
  3139 | Bailey   | Identified the +0 ring mail of Hide-and-Seek {Regen+ Dex+3}
  3328 | D:7      | Found a sand-covered staircase.
  3333 | Ossuary  | Entered an ossuary
  3375 | Ossuary  | Reached skill level 10 in Fighting
  3375 | Ossuary  | Upgraded the game from 0.31-a0-79-g9ec6622867 to
                  | 0.31-a0-329-g52107efa6a
  3482 | Ossuary  | Reached skill level 13 in Maces & Flails
  3527 | Ossuary  | Reached skill level 1 in Dodging
  3527 | Ossuary  | Reached skill level 1 in Evocations
  3699 | D:7      | Found an ancient bone altar of Kikubaaqudgha.
  3827 | D:7      | Found a basalt altar of Yredelemnul.
  3886 | D:8      | Reached XP level 11. HP: 95/99 MP: 14/14
  3937 | D:8      | Found a staircase to the Lair.
  4005 | D:8      | Reached skill level 14 in Maces & Flails
  4275 | D:8      | Found a shadowy altar of Dithmenos.
  4484 | Lair:1   | Entered Level 1 of the Lair of Beasts
  4501 | Lair:1   | Noticed a black mamba
  4510 | Lair:1   | Killed a black mamba
  4529 | Lair:1   | Noticed a black mamba
  4544 | Lair:1   | Killed a black mamba
  4553 | Lair:1   | HP: 4/99 [poisoned by a black mamba]
  4719 | Lair:2   | Reached skill level 10 in Armour
  4753 | Lair:2   | Reached skill level 15 in Maces & Flails
  4753 | Lair:2   | Reached XP level 12. HP: 101/106 MP: 15/15
  4762 | Lair:2   | Reached skill level 5 in Dodging
  4762 | Lair:2   | Reached skill level 5 in Evocations
  4828 | Lair:2   | Noticed an orange crystal statue
  4947 | Lair:3   | Noticed an eight-headed hydra
  4965 | Lair:3   | Killed an eight-headed hydra
  5128 | Lair:3   | Noticed a death yak
  5129 | Lair:3   | Found a staircase to the Snake Pit.
  5138 | Lair:3   | Noticed a death yak
  5141 | Lair:3   | Noticed a death yak
  5143 | Lair:3   | Killed a death yak
  5143 | Lair:3   | Noticed a death yak
  5153 | Lair:3   | Noticed a death yak
  5190 | Lair:4   | Found a frozen archway.
  5219 | IceCv    | Entered an ice cave
  5239 | IceCv    | Reached skill level 16 in Maces & Flails
  5718 | Lair:4   | Noticed a catoblepas
  5731 | Lair:4   | Killed a catoblepas
  5758 | Lair:4   | Reached XP level 13. HP: 64/116 MP: 16/16
  6049 | Lair:4   | Noticed Kirke
  6061 | Lair:4   | Killed Kirke
  6124 | Lair:4   | Reached skill level 17 in Maces & Flails
  6363 | Lair:5   | Entered Level 5 of the Lair of Beasts
  6515 | Lair:5   | Found a staircase to the Slime Pits.
  6516 | Lair:5   | Found a viscous altar of Jiyva.
  6574 | Lair:5   | Paralysed by a hornet for 3 turns
  6632 | Lair:5   | Fell from the grace of Ignis
  6632 | Lair:5   | Became a worshipper of Jiyva Jaestrug the Shapeless
  6708 | Lair:5   | Noticed a five-headed hydra
  6714 | Lair:4   | Reached XP level 14. HP: 119/129 MP: 17/17
  6717 | Lair:4   | Reached skill level 18 in Maces & Flails
  7111 | Lair:5   | Reached * piety under Jiyva
  7212 | Lair:5   | Reached skill level 19 in Maces & Flails
  7594 | Lair:1   | Reached XP level 15. HP: 131/139 MP: 18/18
  7625 | D:9      | Reached ** piety under Jiyva
  8048 | D:10     | Entered Level 10 of the Dungeon
  8183 | D:10     | Reached skill level 10 in Dodging
  8187 | D:10     | Reached skill level 10 in Evocations
  8281 | D:10     | Reached *** piety under Jiyva
  8439 | D:10     | Found an iron altar of Okawaru.
  8448 | D:10     | Gained mutation: You are covered in slimy tendrils that may
                  | disarm your opponents. [Jiyva's grace]
  8448 | D:10     | Gained mutation: You passively map a large area around you.
                  | [Jiyva's grace]
  8448 | D:10     | Gained mutation: You are partially covered in iridescent
                  | scales. (AC +2) [Jiyva's grace]
  8448 | D:10     | Gained mutation: You are mostly covered in iridescent
                  | scales. (AC +4) [Jiyva's grace]
  8632 | D:10     | Found a white marble altar of Elyvilon.
  8661 | D:11     | Reached **** piety under Jiyva
  8757 | D:11     | You are sucked into a shaft and drop 2 floors!
  8784 | D:13     | Reached skill level 15 in Fighting
  8880 | D:13     | Identified the +7 great sword "MrRokkomies's Doom" {flame,
                  | rC+ Int+3}
  8916 | D:13     | Reached skill level 1 in Stealth
  9055 | D:13     | Noticed Nessos
  9094 | D:13     | Killed Nessos
  9141 | D:13     | Found a gate to the Vaults.
  9242 | D:13     | Noticed Urug
  9255 | D:13     | Killed Urug
  9310 | D:13     | Noticed Snorg
  9322 | D:13     | Killed Snorg
  9324 | D:13     | You are sucked into a shaft and drop 2 floors!
  9324 | D:15     | Entered Level 15 of the Dungeon
  9419 | D:15     | Reached skill level 20 in Maces & Flails
  9758 | D:15     | Lost mutation: You are mostly covered in iridescent scales.
                  | (AC +4) [Jiyva's grace]
  9758 | D:15     | Gained mutation: Armour fits poorly on your pseudopods.
                  | [Jiyva's grace]
  9758 | D:15     | Gained mutation: Armour fits poorly on your large
                  | pseudopods. [Jiyva's grace]
  9758 | D:15     | Gained mutation: Armour fits poorly on your massive
                  | pseudopods. [Jiyva's grace]
  9758 | D:15     | Gained mutation: You are somewhat resistant to further
                  | mutation. [Jiyva's grace]
  9809 | D:15     | Found a staircase to the Depths.
  9810 | D:15     | Noticed a stone giant
 10167 | D:14     | Found Wan Fiosyn's Weapon Boutique.
 10173 | D:14     | Reached ***** piety under Jiyva
 10193 | D:14     | Noticed Agnes
 10207 | D:14     | Slimified Agnes
 10207 | D:14     | Agnes changed into Agnes the slime creature
 10207 | D:14     | Noticed Agnes
 10208 | D:14     | Killed Agnes the slime creature
 10215 | D:14     | Reached XP level 16. HP: 81/149 MP: 19/19
 10382 | D:12     | Noticed Psyche
 10386 | D:12     | Killed Psyche
 10402 | D:12     | Found Boheopt's Weapon Boutique.
 10404 | D:12     | Found a staircase to the Orcish Mines.
 10411 | D:12     | Found Zeal's Armour Boutique.
 10424 | D:12     | Upgraded the game from 0.31-a0-329-g52107efa6a to
                  | 0.31-a0-339-gda1cbd555d
 10744 | Orc:1    | Entered Level 1 of the Orcish Mines
 10887 | Orc:1    | Found Geroav's Magic Scroll Shoppe.
 10895 | Orc:1    | Bought a scroll of revelation for 90 gold pieces
 10895 | Orc:1    | Bought a scroll of blinking for 90 gold pieces
 10938 | Orc:1    | Reached skill level 1 in Ranged Weapons
 10968 | Orc:1    | Found Ymohusoaf's Jewellery Shop.
 11130 | Orc:2    | Entered Level 2 of the Orcish Mines
 11153 | Orc:2    | Reached skill level 5 in Stealth
 11239 | Orc:2    | Found a bloodstained altar of Trog.
 11269 | Orc:2    | Found a staircase to the Elven Halls.
 11449 | Orc:2    | Found Poyrusch's Magic Scroll Boutique.
 11449 | Orc:2    | Found Ressueg's Antique Weapon Boutique.
 11450 | Orc:2    | Found Imovoaga's Armour Shop.
 11450 | Orc:2    | Found Bentakh's Armour Boutique.
 11565 | D:12     | Bought the +4 cloak of Sif Muna's Inspiration {Harm rC+
                  | Str+3 Int+3} for 868 gold pieces
 11723 | Lair:2   | Was forgiven by Ignis
 11794 | Snake:1  | Entered Level 1 of the Snake Pit
 11811 | Snake:1  | Noticed Louise
 11828 | Snake:1  | Slimified Louise
 11828 | Snake:1  | Louise changed into Louise the slime creature
 11828 | Snake:1  | Noticed Louise
 11833 | Snake:1  | Lost mutation: You passively map a large area around you.
                  | [Jiyva's grace]
 11833 | Snake:1  | Lost mutation: Armour fits poorly on your massive
                  | pseudopods. [Jiyva's grace]
 11833 | Snake:1  | Lost mutation: You are covered in slimy tendrils that may
                  | disarm your opponents. [Jiyva's grace]
 11833 | Snake:1  | Gained mutation: You passively map a large area around you.
                  | [Jiyva's grace]
 11833 | Snake:1  | Gained mutation: You are somewhat resistant to both further
                  | mutation and mutation removal. [Jiyva's grace]
 11833 | Snake:1  | Gained mutation: You are almost entirely resistant to
                  | further mutation and mutation removal. [Jiyva's grace]
 11833 | Snake:1  | Gained mutation: You are covered in fur. (AC +1) [Jiyva's
                  | grace]
 11938 | Snake:1  | Killed Louise the slime creature
 12151 | Snake:1  | Noticed Asterion
 12157 | Snake:1  | Noticed a balrug
 12164 | Snake:1  | Slimified Asterion
 12164 | Snake:1  | Asterion changed into Asterion the azure jelly
 12164 | Snake:1  | Noticed Asterion
 12183 | Snake:1  | Reached skill level 5 in Ranged Weapons
 12309 | Snake:1  | Glimpsed the power of Zot.
 12380 | Snake:2  | Reached XP level 17. HP: 156/156 MP: 20/20
 12513 | Snake:2  | Noticed Roxanne
 12535 | Snake:2  | Killed Roxanne
 12738 | Snake:2  | Noticed Vashnia
 12756 | Snake:2  | Killed Vashnia
 12860 | Snake:3  | Noticed a nagaraja
 12873 | Snake:3  | Killed a nagaraja
 12902 | Snake:3  | Found a flickering gateway to a bazaar.
 12912 | Bazaar   | Entered a bazaar
 12912 | Bazaar   | Found Ynwaliesm's Weapon Shop.
 12914 | Bazaar   | Found Ithuawug's Armour Emporium.
 12921 | Bazaar   | Found Buomm's Antique Weapon Boutique.
 12925 | Bazaar   | Found Heruog's Weapon Shop.
 12935 | Bazaar   | Found Uwil's Weapon Shoppe.
 12989 | Snake:4  | Entered Level 4 of the Snake Pit
 13023 | Snake:4  | HP: 1/156 [naga warrior/+2 flail of protection (24)]
 13025 | Snake:4  | Mangled by a guardian serpent

Illustrated notes

Levels and vault maps discovered:
D:1:      amcnicky_arrival_choice, layout_rooms,
          dreamdust_ecumenical_altar_drowned_temple, minmay_tromino_v7
D:2:      layout_loops_ring, wander_ebering_terrifying_dragon_lair,
          uniq_crazy_yiuf_cottage
D:3:      layout_basic
D:4:      layout_loops_ring, nicolae_stop_n_shop_2,
          chequers_serial_rivers_micro_a
D:5:      layout_loops_cross, lemuel_doored_altar, mainiacjoe_overflow_24_doors,
          mainiacjoe_overflow_catwalk_spiral, uniq_sigmund
D:6:      layout_cave_pods, minmay_temple_entry_grid
D:7:      cheibrodos_steamvent, layout_loops_ring,
          mainiacjoe_overflow_six_doors_small, mainiacjoe_overflow_alcove_4,
          grunt_qazlal_sundering, enter_bailey_5, enter_ossuary_2
D:8:      layout_cave_pools, nicolae_ashenzari_skybound,
          nicolae_dithmenos_through_a_glass_darkly, due_lair_maze_entry_diamond,
          serial_undead, serial_undead_a, serial_undead_c, serial_undead_f,
          serial_undead_c, serial_undead_a, serial_undead_e, serial_undead_c,
          minmay_manual_macuahuitl
D:9:      layout_roguey, nzn_wu_jian_council_hall
D:10:     layout_roguey, nicolae_overflow_crystal_walls, elyvilon_altar_3,
          minmay_fractal_squares_gapless_7
D:11:     layout_loops_ring, grunt_ogre_cave
D:12:     layout_roguey, orc_david_3, uniq_psyche
D:13:     kennysheep_kobold_lugonu_temple, layout_stronghold, david_vaults_3,
          uniq_urug, uniq_snorg
D:14:     layout_long_grid, serial_shops, nicolae_shop_just_a_little_nook,
          columned_hall_lemuel, uniq_nessos, uniq_agnes
D:15:     grunt_enter_depths_giant_problem, layout_basic,
          chequers_serial_rivers_marsh
Lair:1:   layout_chaotic_city
Lair:2:   layout_layer_cave, nicolae_swamp_entry_spooky, disabler_island,
          infiniplex_staircase_pool, serial_bayou_shore_a, uniq_amaemon
Lair:3:   layout_chaotic_city, dummy_snake_entry, wad_woods_road_05
Lair:4:   layout_cave_pods, nicolae_volcano_entry_batcave,
          portal_ice_cave_entry_ice_simulacra, uniq_kirke
Lair:5:   hangedman_lair_tendril_chambers, layout_cave_pods, wormcave,
          slime_entry_1, minivault_26
Snake:1:  nicolae_snake_crotalidae_crossing, layout_layer_cave,
          nicolae_snake_yet_another_twisty_hallway, nicolae_snake_coiling_death,
          uniq_asterion, uniq_louise
Snake:2:  layout_basic, hangedman_snake_corridor_cut, grunt_megastairs_5,
          uniq_vashnia, uniq_roxanne
Snake:3:  layout_onion, serial_shops, freezing_bzr, lightli_airlock
Snake:4:  snake_hunt, layout_cave_town, st_stairs_7, grunt_megastairs_3
Orc:1:    layout_caves, serial_shops, shop, nicolae_shop_rolling_square,
          nicolae_shop_gaudy_bauble
Orc:2:    st_orc_pillars, layout_diamond_mine, hangedman_feature_mirror,
          nicolae_orc_tapped_out

Skill      XL: |  1  2  3  4  5  6  7  8  9 10 11 12 13 14 15 16 17 |
---------------+----------------------------------------------------+-----
Fighting       | 4 5 6 8 9 10 11 13 14 15 | 15.0
Maces & Flails | 5 6 7 8 10 11 13 15 16 17 19 20 | 20.0
Armour         | 4 7 10 11 12 13 | 13.6
Dodging        | 2 4 6 8 9 10 11 12 | 12.7
Evocations     | 2 4 6 8 9 10 11 | 11.1
Stealth        | 4 6 8 |  8.0
Ranged Weapons | 5 8 |  8.3
Spellcasting   | |  1.3
Fire Magic     | |  3.6

Action                     |  1- 3 |  4- 6 |  7- 9 | 10-12 | 13-15 | 16-18 || total
---------------------------+-------+-------+-------+-------+-------+-------++-------
  Melee: Mace              |    85 |   158 |    77 |       |       |       ||   320
         Punch             |       |       |     2 |       |       |       ||     2
         Whip              |       |       |   142 |    46 |       |       ||   188
         Great mace        |       |       |    17 |   513 |   991 |   439 ||  1960
         Pseudopods        |       |       |       |       |     8 |    92 ||   100
   Fire: Longbow           |       |       |       |       |       |    59 ||    59
  Throw: Dart              |       |       |     4 |       |       |       ||     4
         Boomerang         |       |       |       |    20 |    14 |     5 ||    39
 Invoke: Fiery Armour      |       |     1 |     1 |     5 |       |       ||     7
         Foxfire Swarm     |       |       |     1 |     3 |       |       ||     4
         Rising Flame      |       |       |       |     1 |       |       ||     1
         Oozemancy         |       |       |       |       |     2 |     4 ||     6
         Slimify           |       |       |       |       |     2 |     2 ||     4
  Evoke: Wand              |       |       |     7 |     5 |     4 |    10 ||    26
         Lightning rod     |       |       |       |     6 |     7 |     3 ||    16
    Use: Scroll            |     3 |     7 |       |    10 |     3 |     2 ||    25
         Potion            |       |       |     2 |     2 |     5 |     4 ||    13
   Stab: Paralysed         |       |       |     9 |       |     1 |       ||    10
 Armour: Robe              |    28 |    17 |       |       |       |       ||    45
         Scale mail        |       |    70 |    49 |       |       |       ||   119
         Skin              |       |       |     3 |       |       |       ||     3
         Chain mail        |       |       |    56 |   517 |   789 |   282 ||  1644
  Dodge: Dodged            |    48 |    68 |    54 |   266 |   423 |   245 ||  1104
  Block: Other             |       |       |       |       |       |    91 ||    91
         Reflection        |       |       |       |       |       |     6 ||     6

Table legend: (Time is in decaauts)
 A = Elapsed time spent in this place.
 B = Non-inter-level travel time spent in this place.
 C = Inter-level travel time spent in this place.
 D = Time resting spent in this place.
 E = Time spent auto-exploring this place.
 F = Levels seen in this place.
 G = Mean time per level.
                   A        B        C        D        E       F      G
               +--------+--------+--------+--------+--------+-----+--------+
         Total |  12623 |  11546 |   1077 |    466 |   6285 |  30 |  420.8 |
       Dungeon |   7073 |   6555 |    518 |    264 |   4039 |  15 |  471.5 |
          Lair |   2763 |   2342 |    421 |      2 |    981 |   5 |  552.6 |
     Snake Pit |   1100 |   1067 |     33 |      0 |    581 |   4 |  275.0 |
  Orcish Mines |    779 |    675 |    104 |      0 |    350 |   2 |  389.5 |
        Bazaar |     67 |     67 |      0 |      0 |     58 |   1 |   67.0 |
       Ossuary |    245 |    245 |      0 |      0 |    137 |   1 |  245.0 |
        Bailey |    252 |    252 |      0 |      0 |    109 |   1 |  252.0 |
      Ice Cave |    340 |    340 |      0 |    200 |     30 |   1 |  340.0 |
               +--------+--------+--------+--------+--------+-----+--------+

Top non-repeatable levels by time:
  Lair:5: 862 daAuts
  Lair:4: 860 daAuts
    D:15: 686 daAuts
     D:7: 686 daAuts
     D:4: 681 daAuts
    D:10: 597 daAuts
    D:13: 585 daAuts
     D:3: 541 daAuts
     D:5: 531 daAuts
 Snake:1: 512 daAuts
     D:6: 472 daAuts
 Snake:2: 467 daAuts
     D:8: 447 daAuts
  Lair:3: 429 daAuts
     D:9: 425 daAuts
